 Dungeon Crawl Stone Soup version 0.25-a0-733-gf7d8cd8a05 (webtiles) character file.

Game seed: 13763100836306945702, levelgen mode: deterministic

10023 tilp the Covered (level 11, -18/86 HPs)
             Began as a Gnoll Wanderer on Apr 9, 2020.
             Was the Champion of Cheibriados.
             Demolished by a shadow (20 damage)
             ... in a Gauntlet.
             The game lasted 00:29:32 (13209 turns).

tilp the Covered (Gnoll Wanderer)                  Turns: 13209, Time: 00:29:33

Health: -18/86     AC: 18    Str: 31    XL:     11   Next: 55%
Magic:  20/20      EV: 12    Int: 33    God:    Cheibriados [******]
Gold:   505        SH: 13    Dex: 28    Spells: 22/22 levels left

rFire    . . .     SeeInvis .   v - +0 morningstar
rCold    . . .     Gourm    .   r - +0 kite shield
rNeg     . . .     Faith    .   n - +0 plate armour
rPois    .         Spirit   .   F - +0 helmet
rElec    .         Reflect  .   G - +1 cloak
rCorr    +         Harm     .   i - +0 pair of gloves
MR       +....     NoTele   +   (no boots)
Stlth    ..........             (no amulet)
HPRegen  0.24/turn              z - ring of resist corrosion
MPRegen  0.17/turn              k - ring of protection from magic

@: very slow
A: distributed training, fangs 1, strong nose
a: Bend Time, Temporal Distortion, Slouch, Step From Time, Renounce Religion


You were in a Gauntlet.
You worshipped Cheibriados.
Cheibriados was exalted by your worship.
You were hungry.

You visited 2 branches of the dungeon, and saw 12 of its levels.
You also visited: Gauntlet.

You collected 721 gold pieces.
You spent 216 gold pieces at shops.

Inventory:

Hand Weapons
 a - a +3 dagger of venom
 b - a +2 vorpal flail
 j - a +0 hand crossbow
 v - a +0 morningstar (weapon)
 K - a +2 shortbow
Missiles
 e - 84 bolts
 o - 2 curare-tipped darts
 u - 31 poisoned darts (quivered)
 w - 170 arrows
 B - 3 boomerangs
Armour
 i - a +0 pair of gloves (worn)
 n - a +0 plate armour (worn)
 r - a +0 kite shield (worn)
 F - a +0 helmet (worn)
 G - a +1 cloak (worn)
 N - the +1 leather armour of Sear Oby {-Cast rN+ Str+5, unknown}
   (You found it on level 10 of the Dungeon)

   It affects your strength (+5).
   It protects you from negative energy.
   It prevents spellcasting.
Jewellery
 k - a ring of protection from magic (right hand)
 m - an uncursed amulet of magic regeneration
 y - an uncursed ring of magical power
 z - a ring of resist corrosion (left hand)
 A - an uncursed ring of poison resistance
 L - an uncursed ring of ice
Wands
 I - a wand of polymorph (5)
 O - a wand of digging (3)
 P - a wand of scattershot (3)
Scrolls
 d - a scroll of magic mapping
 f - 3 scrolls of enchant weapon
 h - 4 scrolls of teleportation
 l - a scroll of fear {unknown}
 t - 2 scrolls of remove curse
 C - a scroll of immolation {unknown}
 D - a scroll of holy word {unknown}
 E - a scroll of fog {unknown}
Potions
 g - a potion of brilliance
 p - 3 potions of might
 q - 2 potions of flight
 s - 3 potions of magic
 M - a potion of mutation {unknown}
Miscellaneous
 x - a phial of floods
Comestibles
 c - 26 rations


   Skills:
 + Level 7.9 Fighting
 + Level 6.3 Short Blades
 + Level 6.3 Long Blades
 + Level 6.3 Axes
 + Level 6.3 Maces & Flails
 + Level 6.3 Polearms
 + Level 6.3 Staves
 + Level 6.3 Slings
 + Level 7.9 Bows
 + Level 7.9 Crossbows
 + Level 6.8 Throwing
 + Level 7.9 Armour
 + Level 6.3 Dodging
 + Level 6.3 Stealth
 + Level 6.3 Shields
 + Level 6.3 Unarmed Combat
 + Level 6.3 Spellcasting
 + Level 5.2 Conjurations
 + Level 5.2 Hexes
 + Level 5.2 Charms
 + Level 5.2 Summonings
 + Level 5.2 Necromancy
 + Level 5.2 Translocations
 + Level 5.2 Transmutations
 + Level 5.2 Fire Magic
 + Level 5.2 Ice Magic
 + Level 5.2 Air Magic
 + Level 5.2 Earth Magic
 + Level 5.2 Poison Magic
 + Level 6.9 Invocations
 + Level 6.8 Evocations


You had 22 spell levels left.
You didn't know any spells.
Your spell library contained the following spells:

 Spells                   Type           Power        Failure   Level  Hunger
 Animate Skeleton         Necr           N/A          12%         1    None
 Apportation              Tloc           #####.       12%         1    None
 Corona                   Hex            #####..      12%         1    None
 Magic Dart               Conj           ####         12%         1    None
 Shock                    Conj/Air       ####         12%         1    None
 Summon Small Mammal      Summ           ####         12%         1    None
 Blink                    Tloc           N/A          17%         2    None
 Call Imp                 Summ           #####...     17%         2    None
 Slow                     Hex            #####...     17%         2    None
 Swiftness                Chrm/Air       #####...     17%         2    None
 Conjure Flame            Conj/Fire      #####...     34%         3    None
 Inner Flame              Hex/Fire       #####...     34%         3    None
 Mephitic Cloud           Conj/Pois/Air  #####...     34%         3    None
 Portal Projectile        Hex/Tloc       #####.       34%         3    None
 Static Discharge         Conj/Air       #####...     34%         3    None
 Airstrike                Air            #####.....   75%         4    ##.....
 Cause Fear               Hex            #####.....   75%         4    ##.....
 Leda's Liquefaction      Hex/Erth       #####.....   75%         4    ##.....
 Lightning Bolt           Conj/Air       #####.....   97%         5    ####...


Dungeon Overview and Level Annotations

Branches:
Dungeon (11/15)            Temple (1/1) D:4            Lair (0/6) D:9
Gauntlet (1/1)
    Orc: D:9-12

Altars:
Ashenzari
Cheibriados
Dithmenos
Elyvilon
Fedhas
Gozag
Hepliaklqana
Kikubaaqudgha
Makhleb
Nemelex Xobeh
Okawaru
Qazlal
Ru
Sif Muna
Trog
Uskayaw
Vehumet
Wu Jian
Xom
Yredelemnul
Zin
The Shining One

Shops:
D:5 [   D:6 [

Annotations:
D:8 2 transporters, milk's ghost, novice MiFi Gauntlet 17 transporters, 16 runed translucent doors, exclusion: lightning spire


Innate Abilities, Weirdness & Mutations

Your experience applies equally to all skills.
You have very sharp teeth.
Your uncanny sense of smell can sniff out nearby items.


Message History

The shadow flickers and vanishes!
Deactivating autopickup; reactivate with Ctrl-A.
Unknown command.
You hit the shadow but do no damage.
The shadow is heavily damaged.
The shadow slips into darkness.
The shadow flickers and vanishes!
The shadow strikes at you from the darkness!
Reactivating autopickup.
The shadow strikes at you from the darkness!
You hit the shadow.
The shadow is heavily damaged.
The shadow barely misses you.
The shadow slips into darkness.
The shadow flickers and vanishes!
Deactivating autopickup; reactivate with Ctrl-A.
Unknown command.
You closely miss something. You bite something! You block the shadow's attack.
The shadow strikes at you from the darkness!
You die...

#################################
...........©#≈§§§8≈≈§≈#©.........
#################################
#≈≈8≈≈#©.........©.........©#≈≈8≈
#################################
#.........#.#...(©.?..#.#........
#.##.##.#.#.#.........#.#..##.##.
#)#..#....#.#..#+++#..#.#.##...##
#.#.##.##W#.#''#@..#++#.#.#.....#
#©..#©.#.W#.#..W{..+..#.#....©...
#!.##.##.W#.#..'...+..#.#.#.....#
#..#..#...#.#++#'#+#++#.#.##...##
#.##.##.#.#.#..+...+..#.#5.##.##.
#.........#.#..+.©.+..#.#35......
###########.###########.#########
.................©...............
.................................


You could see 4 shadows.

Vanquished Creatures
  A two-headed ogre (D:9)
  A centaur zombie (D:10)
  2 rust devils (D:10)
  A queen bee (D:10)
  A hippogriff (D:7)
  3 wyverns
  2 shadows (Gauntlet)
  3 yaks
  4 ice beasts
  A water moccasin (D:9)
  A black bear (D:7)
  An eye of draining (D:9)
  4 orc warriors
  4 ogres
  4 phantoms
  5 necrophages (D:7)
  4 centaurs
  3 bullfrogs
  3 big kobolds
  A wyvern skeleton (D:8)
  4 scorpions
  23 killer bees (D:10)
  A howler monkey (D:5)
  4 wights (D:7)
  4 crimson imps
  A lava snake (D:9)
  3 bullfrog zombies
  6 jellies
  4 centaur skeletons
  2 orc priests
  8 hounds
  9 orc wizards
  3 iguanas
  8 worker ants
  A killer bee zombie (D:7)
  3 hound zombies (D:7)
  A hound skeleton (D:10)
  2 mummies (D:7)
  A worker ant zombie (D:7)
  7 gnolls
  A howler monkey skeleton (D:5)
  12 adders
  6 oozes
  2 adder skeletons
  5 worms
  A dart slug (D:3)
  7 leopard geckos
  30 orcs
  8 giant cockroaches
  6 hobgoblins
  4 jackals
  3 quokkas
  2 ball pythons
  6 bats
  5 frilled lizards
  6 goblins
  A jackal skeleton (D:5)
  24 kobolds
  A leopard gecko skeleton (D:4)
  A leopard gecko zombie (D:5)
  7 rats
282 creatures vanquished.

Vanquished Creatures (others)
  A wizard (D:3)
  A centaur (D:7)
  A centaur skeleton (D:7)
  20 withered plants (Gauntlet)
23 creatures vanquished.

Grand Total: 305 creatures vanquished

Notes
Turn   | Place    | Note
-------+----------+-------------------------------------------
     0 | D:1      | tilp the Gnoll Wanderer began the quest for the Orb.
     0 | D:1      | tilp set off with the following items: a +2 shortbow, 24
                  | arrows, a +0 ring mail, a +0 hand crossbow, 26 bolts, a
                  | ration
     0 | D:1      | Reached XP level 1. HP: 20/20 MP: 2/2
   146 | D:1      | Reached XP level 2. HP: 26/26 MP: 3/3
   976 | D:2      | Found a stormy altar of Qazlal.
  1235 | D:2      | Reached XP level 3. HP: 31/31 MP: 4/4
  1491 | D:2      | Reached skill level 1 in Invocations
  1586 | D:2      | Reached skill level 1 in Short Blades
  1586 | D:2      | Reached skill level 1 in Long Blades
  1586 | D:2      | Reached skill level 1 in Axes
  1586 | D:2      | Reached skill level 1 in Maces & Flails
  1586 | D:2      | Reached skill level 1 in Polearms
  1586 | D:2      | Reached skill level 1 in Staves
  1586 | D:2      | Reached skill level 1 in Slings
  1586 | D:2      | Reached skill level 1 in Dodging
  1586 | D:2      | Reached skill level 1 in Stealth
  1586 | D:2      | Reached skill level 1 in Shields
  1586 | D:2      | Reached skill level 1 in Unarmed Combat
  1586 | D:2      | Reached skill level 1 in Spellcasting
  1996 | D:3      | Reached XP level 4. HP: 33/38 MP: 6/6
  2044 | D:3      | Found an iron altar of Okawaru.
  2230 | D:3      | Reached skill level 1 in Conjurations
  2230 | D:3      | Reached skill level 1 in Hexes
  2230 | D:3      | Reached skill level 1 in Charms
  2230 | D:3      | Reached skill level 1 in Summonings
  2230 | D:3      | Reached skill level 1 in Necromancy
  2230 | D:3      | Reached skill level 1 in Translocations
  2230 | D:3      | Reached skill level 1 in Transmutations
  2230 | D:3      | Reached skill level 1 in Fire Magic
  2230 | D:3      | Reached skill level 1 in Ice Magic
  2230 | D:3      | Reached skill level 1 in Air Magic
  2230 | D:3      | Reached skill level 1 in Earth Magic
  2230 | D:3      | Reached skill level 1 in Poison Magic
  2319 | D:3      | Reached XP level 5. HP: 30/43 MP: 7/7
  2424 | D:3      | Noticed a big kobold
  3163 | D:3      | Found a bloodstained altar of Trog.
  3166 | D:3      | Noticed a wizard
  3172 | D:3      | Killed a wizard
  3207 | D:3      | Killed a big kobold
  3207 | D:3      | Reached XP level 6. HP: 16/50 MP: 8/8
  3447 | D:3      | Found a shimmering blue altar of Sif Muna.
  3500 | D:3      | Found an ancient bone altar of Kikubaaqudgha.
  3881 | D:4      | Reached skill level 5 in Fighting
  3881 | D:4      | Reached skill level 5 in Bows
  3881 | D:4      | Reached skill level 5 in Crossbows
  3881 | D:4      | Reached skill level 5 in Armour
  4070 | D:4      | Reached XP level 7. HP: 17/56 MP: 10/10
  4400 | D:4      | Found a staircase to the Ecumenical Temple.
  4418 | Temple   | Entered the Ecumenical Temple
  4517 | Temple   | Became a worshipper of Cheibriados the Contemplative
  4561 | D:4      | Found a shimmering blue altar of Sif Muna.
  5088 | D:5      | Entered Level 5 of the Dungeon
  5726 | D:5      | Reached XP level 8. HP: 55/63 MP: 12/12
  5785 | D:5      | Reached * piety under Cheibriados
  6475 | D:5      | Found Edycvy's Armour Shoppe.
  7148 | D:6      | Found Ganangie's Antique Armour Boutique.
  7156 | D:6      | Bought a helmet for 81 gold pieces
  7156 | D:6      | Bought a runed cloak for 135 gold pieces
  7439 | D:7      | Reached XP level 9. HP: 69/69 MP: 14/14
  7442 | D:7      | Reached ** piety under Cheibriados
  8333 | D:7      | Reached skill level 5 in Throwing
  8333 | D:7      | Reached skill level 5 in Evocations
  8861 | D:7      | Reached skill level 5 in Invocations
  8974 | D:8      | Reached *** piety under Cheibriados
  9197 | D:8      | Found an opulent altar of Gozag.
  9197 | D:8      | Found a shattered altar of Ashenzari.
  9198 | D:8      | Found a basalt altar of Yredelemnul.
  9245 | D:8      | Reached XP level 10. HP: 74/74 MP: 17/17
  9523 | D:8      | Reached **** piety under Cheibriados
  9552 | D:8      | Noticed milk's ghost (novice MiFi)
  9553 | D:8      | Found a transporter.
  9556 | D:8      | Found a transporter.
  9683 | D:8      | Reached skill level 5 in Short Blades
  9683 | D:8      | Reached skill level 5 in Long Blades
  9683 | D:8      | Reached skill level 5 in Axes
  9683 | D:8      | Reached skill level 5 in Maces & Flails
  9683 | D:8      | Reached skill level 5 in Polearms
  9683 | D:8      | Reached skill level 5 in Staves
  9683 | D:8      | Reached skill level 5 in Slings
  9683 | D:8      | Reached skill level 5 in Dodging
  9683 | D:8      | Reached skill level 5 in Stealth
  9683 | D:8      | Reached skill level 5 in Shields
  9683 | D:8      | Reached skill level 5 in Unarmed Combat
  9683 | D:8      | Reached skill level 5 in Spellcasting
  9818 | D:8      | Found a sacrificial altar of Ru.
  9907 | D:8      | Found a burning altar of Makhleb.
  9988 | D:9      | Found an ornate altar of the Wu Jian Council.
 10082 | D:9      | Noticed a two-headed ogre
 10092 | D:9      | Killed a two-headed ogre
 10161 | D:9      | Reached ***** piety under Cheibriados
 10760 | D:9      | Found a staircase to the Lair.
 10985 | D:10     | Entered Level 10 of the Dungeon
 11120 | D:10     | Reached XP level 11. HP: 84/84 MP: 19/19
 11220 | D:10     | Reached skill level 5 in Conjurations
 11220 | D:10     | Reached skill level 5 in Hexes
 11220 | D:10     | Reached skill level 5 in Charms
 11220 | D:10     | Reached skill level 5 in Summonings
 11220 | D:10     | Reached skill level 5 in Necromancy
 11220 | D:10     | Reached skill level 5 in Translocations
 11220 | D:10     | Reached skill level 5 in Transmutations
 11220 | D:10     | Reached skill level 5 in Fire Magic
 11220 | D:10     | Reached skill level 5 in Ice Magic
 11220 | D:10     | Reached skill level 5 in Air Magic
 11220 | D:10     | Reached skill level 5 in Earth Magic
 11220 | D:10     | Reached skill level 5 in Poison Magic
 12054 | D:10     | Reached ****** piety under Cheibriados
 12073 | D:10     | Got a transparent leather armour
 12836 | D:11     | Found a gate leading to a gauntlet.
 12844 | Gauntlet | Entered a Gauntlet
 12844 | Gauntlet | Found a transporter.
 12844 | Gauntlet | Found a large runed translucent door.
 12844 | Gauntlet | Found a large runed translucent door.
 12844 | Gauntlet | Found a large runed translucent door.
 12844 | Gauntlet | Found a large runed translucent door.
 12844 | Gauntlet | Found a runed translucent door.
 12844 | Gauntlet | Found a runed translucent door.
 12844 | Gauntlet | Found a large runed translucent door.
 12844 | Gauntlet | Found a large runed translucent door.
 12844 | Gauntlet | Found a large runed translucent door.
 12844 | Gauntlet | Found a large runed translucent door.
 12844 | Gauntlet | Found a large runed translucent door.
 12844 | Gauntlet | Found a large runed translucent door.
 12846 | Gauntlet | Found a large runed translucent door.
 12846 | Gauntlet | Found a large runed translucent door.
 12853 | Gauntlet | Noticed a sixfirhy
 12858 | Gauntlet | Found a transporter.
 12869 | Gauntlet | Found a transporter.
 12874 | Gauntlet | Found a transporter.
 12888 | Gauntlet | Noticed a blizzard demon
 12891 | Gauntlet | Found a transporter.
 12904 | Gauntlet | Noticed a death yak
 12904 | Gauntlet | Noticed a death yak
 12905 | Gauntlet | Noticed a death yak
 12906 | Gauntlet | Noticed a death yak
 12907 | Gauntlet | Noticed a death yak
 12908 | Gauntlet | Found a transporter.
 12920 | Gauntlet | Found a transporter.
 12923 | Gauntlet | Noticed a death ooze
 12928 | Gauntlet | Noticed a death drake
 12929 | Gauntlet | Found a transporter.
 12944 | Gauntlet | Found a transporter.
 12944 | Gauntlet | Noticed a death yak
 12944 | Gauntlet | Noticed a death yak
 12944 | Gauntlet | Noticed a necromancer
 12945 | Gauntlet | Noticed a death yak
 12945 | Gauntlet | Noticed a death yak
 12956 | Gauntlet | Found a transporter.
 12973 | Gauntlet | Found a transporter.
 12973 | Gauntlet | Found a transporter.
 12995 | Gauntlet | Found a transporter.
 12995 | Gauntlet | Found a transporter.
 13017 | Gauntlet | Found a transporter.
 13039 | Gauntlet | Found a transporter.
 13116 | Gauntlet | Found a transporter.
 13134 | Gauntlet | Found a large runed translucent door.
 13135 | Gauntlet | Found a large runed translucent door.
 13139 | Gauntlet | Found a runed translucent gate.
 13139 | Gauntlet | Found a runed translucent gate.
 13139 | Gauntlet | Found a runed translucent gate.
 13141 | Gauntlet | Found a transporter.
 13159 | Gauntlet | Found a large runed translucent door.
 13160 | Gauntlet | Found a large runed translucent door.
 13206 | Gauntlet | HP: 1/86 [something (19)]
 13209 | Gauntlet | Demolished by a shadow

Levels and vault maps discovered:
D:1:      eino_arrival_cavern_b, layout_basic
D:2:      layout_loops_corners, chequers_big_river,
          nicolae_qazlal_eye_of_the_storm
D:3:      cheibrodos_thug_alley, layout_basic, old_standard_altar,
          lemuel_blue_sif_altar, okawaru_trees_2, first_ration,
          grunt_ministairs_7, trog_wizard
D:4:      layout_cave_pods, minmay_temple_entry_stoned_glass,
          minmay_misc_feat_room, lemuel_statue_altar
D:5:      layout_layer_cave, serial_shops, nicolae_shop_waterfront,
          minmay_misc_feat_tiny, feat_on_display
D:6:      layout_basic, serial_shops,
          nicolae_shop_temple_entry_statues_fountains
D:7:      layout_loops_ring, serial_undead, serial_undead_e, serial_undead_a,
          serial_undead_b, serial_undead_d, serial_undead_a, serial_undead_d,
          serial_undead_d, serial_undead_d, lemuel_flame_loot_1
D:8:      layout_rooms, marbit_many_paths, gammafunk_temple_overflow_claw,
          lemuel_round_altar, gammafunk_ghost_arena,
          hangedman_little_slice_of_home, serial_park_tiny_1
D:9:      cheibrodos_iron_armory, layout_basic, lemuel_crystal_altar,
          lair_entry_dummy, kennysheep_crisscross
D:10:     layout_basic, special_room [special_room_bee]
D:11:     layout_basic, serial_shops, shop_fountains, nicolae_shop_statue_plus,
          shop, shop, shop, gauntlet_entry_generic, nicolae_trove_entry_diagonal
Temple:   dshaligram_water_room_temple
Gauntlet: gammafunk_gauntlet_one_two_three
          [minmay_gauntlet_arena_make_your_own_arena,
          nicolae_gauntlet_arena_grate_2,
          gammafunk_gauntlet_arena_split_diamond,
          nicolae_gauntlet_arena_t_cross, gammafunk_gauntlet_arena_hedges,
          gammafunk_gauntlet_arena_spirals, nicolae_gauntlet_arena_quarters,
          nicolae_gauntlet_arena_flowing_pool, nicolae_gauntlet_swirl,
          gauntlet_exit_spiral]

Skill      XL: |  1  2  3  4  5  6  7  8  9 10 11 |
---------------+----------------------------------+-----
Invocations    | 1 2 3 4 5 6 |  6.9
Short Blades   | 1 2 3 4 5 6 |  6.3
Long Blades    | 1 2 3 4 5 6 |  6.3
Axes           | 1 2 3 4 5 6 |  6.3
Maces & Flails | 1 2 3 4 5 6 |  6.3
Polearms       | 1 2 3 4 5 6 |  6.3
Staves         | 1 2 3 4 5 6 |  6.3
Slings         | 1 2 3 4 5 6 |  6.3
Dodging        | 1 2 3 4 5 6 |  6.3
Stealth        | 1 2 3 4 5 6 |  6.3
Shields        | 1 2 3 4 5 6 |  6.3
Unarmed Combat | 1 2 3 4 5 6 |  6.3
Spellcasting   | 1 2 3 4 5 6 |  6.3
Conjurations   | 1 2 3 4 5 |  5.2
Hexes          | 1 2 3 4 5 |  5.2
Charms         | 1 2 3 4 5 |  5.2
Summonings     | 1 2 3 4 5 |  5.2
Necromancy     | 1 2 3 4 5 |  5.2
Translocations | 1 2 3 4 5 |  5.2
Transmutations | 1 2 3 4 5 |  5.2
Fire Magic     | 1 2 3 4 5 |  5.2
Ice Magic      | 1 2 3 4 5 |  5.2
Air Magic      | 1 2 3 4 5 |  5.2
Earth Magic    | 1 2 3 4 5 |  5.2
Poison Magic   | 1 2 3 4 5 |  5.2
Throwing       | 3 4 5 6 |  6.8
Evocations     | 3 4 5 6 |  6.8
Fighting       | 5 6 7 |  7.9
Bows           | 5 6 7 |  7.9
Crossbows      | 5 6 7 |  7.9
Armour         | 5 6 7 |  7.9

Action                   |  1- 3 |  4- 6 |  7- 9 | 10-12 || total
-------------------------+-------+-------+-------+-------++-------
Melee: Dagger            |       |    54 |   424 |   260 ||   738
       Bite              |       |     5 |    89 |   104 ||   198
       Punch             |       |       |     1 |       ||     1
       Quarterstaff      |       |       |   123 |       ||   123
       Flail             |       |       |       |   241 ||   241
       Morningstar       |       |       |       |    14 ||    14
 Fire: Shortbow          |   107 |    66 |       |       ||   173
       Hand crossbow     |       |    71 |       |       ||    71
Throw: Throwing net      |       |     2 |       |       ||     2
       Dart              |       |     5 |    61 |    24 ||    90
       Boomerang         |       |       |     4 |     3 ||     7
Evoke: Wand              |       |       |       |     1 ||     1
  Use: Scroll            |     4 |     5 |     5 |     5 ||    19
       Potion            |       |     3 |       |     5 ||     8
  Eat: Chunk             |     3 |     6 |    12 |     7 ||    28
Armor: Plate armour      |    26 |    91 |   277 |   147 ||   541
       Chain mail        |     2 |       |       |       ||     2
       Ring mail         |     1 |       |       |       ||     1
       Skin              |       |       |       |    38 ||    38
Dodge: Dodged            |    12 |    34 |   120 |   131 ||   297
Block: Kite shield       |       |       |   144 |   286 ||   430

Table legend:
 A = Non-vault XP
 B = Vault XP
 C = Vault XP percentage of total XP
 D = Non-vault monster count
 E = Vault monster count
 F = Vault count percentage of total count
                 A         B        C        D         E       F
            +---------+---------+-------+---------+---------+-------
      Total |    9795 |    4524 |  31.6 |     214 |      68 |  24.1
            +---------+---------+-------+---------+---------+-------
        D:1 |      26 |       0 |   0.0 |      18 |       0 |   0.0
        D:2 |      66 |       0 |   0.0 |      13 |       0 |   0.0
        D:3 |     138 |     124 |  47.3 |      22 |      13 |  37.1
        D:4 |     405 |       0 |   0.0 |      24 |       0 |   0.0
        D:5 |     806 |       0 |   0.0 |      21 |       0 |   0.0
        D:6 |     541 |       0 |   0.0 |      13 |       0 |   0.0
        D:7 |    1255 |     914 |  42.1 |      21 |      16 |  43.2
        D:8 |    1330 |     167 |  11.2 |      34 |       9 |  20.9
        D:9 |    1854 |       0 |   0.0 |      17 |       0 |   0.0
       D:10 |    3159 |    2903 |  47.9 |      28 |      28 |  50.0
       D:11 |     215 |       0 |   0.0 |       3 |       0 |   0.0
   Gauntlet |       0 |     416 | 100.0 |       0 |       2 | 100.0
            +---------+---------+-------+---------+---------+-------
